 Dungeon Crawl Stone Soup version 0.28.0 (webtiles) character file.

Game seed: 2381184733399895646

163 styxcanada the Magician (level 5, -3/28 HPs)
             Began as a Deep Elf Venom Mage on Feb 6, 2022.
             Was an Initiate of Vehumet.
             Killed by divine providence
             ... invoked by an orc priest
              (13 damage)
             ... on level 4 of the Dungeon.
             The game lasted 00:22:19 (3298 turns).

styxcanada the Magician (Deep Elf Venom Mage)       Turns: 3298, Time: 00:22:20

Health: -3/28      AC:  8    Str:  7    XL:     5   Next: 20%
Magic:  9/13       EV: 13    Int: 20    God:    Vehumet [......]
Gold:   267        SH:  0    Dex: 17    Spells: 6/12 levels left

rFire   + . .      SeeInvis .   p - +2 dagger (venom)
rCold   . . .      Faith    .   (no shield)
rNeg    + . .      Spirit   .   a - +0 robe
rPois   .          Reflect  .   c - +1 hat
rElec   .          Harm     .   (no cloak)
rCorr   +          Rampage  .   (no gloves)
Will    .....                   m - +0 pair of boots
Stlth   ++........              (no amulet)
HPRegen 0.09/turn               b - ring of Utust {rF+ rN+ rCorr AC+4 Str+2}
MPRegen 0.13/turn               (no ring)

@: weak-willed
A: no striking features
a: Renounce Religion


You were on level 4 of the Dungeon.
You worshipped Vehumet.
Vehumet was noncommittal.
You visited 2 branches of the dungeon, and saw 5 of its levels.

You collected 267 gold pieces.

Inventory:

Hand Weapons
 e - a +0 dagger of pain
 g - a +0 short sword
 h - a +0 hunting sling
 p - a +2 dagger of venom (weapon)
Missiles
 d - 19 sling bullets
 f - 51 stones
 l - 2 silver boomerangs (quivered)
 n - a boomerang
Armour
 a - a +0 robe (worn)
 c - a +1 hat (worn)
 m - a +0 pair of boots (worn)
Jewellery
 b - the ring of Utust (left hand) {rF+ rN+ rCorr AC+4 Str+2}
   (You acquired it on level 3 of the Dungeon)

   [ring of protection]

   AC:        It affects your AC (+4).
   Str:       It affects your strength (+2).
   rF:        It protects you from fire.
   rN:        It protects you from negative energy.
   rCorr:     It protects you from acid and corrosion.
Potions
 i - a potion of flight {unknown}
 j - 2 potions of haste {unknown}
 k - a potion of ambrosia {unknown}


   Skills:
 + Level 0.3 Fighting
 + Level 0.1 Short Blades
 + Level 3.0 Dodging
 + Level 2.8 Stealth
 * Level 4.3 Spellcasting
 * Level 0.5 Conjurations
 * Level 3.1 Transmutations
 * Level 0.4 Air Magic
 * Level 4.3 Poison Magic


You had 6 spell levels left.
You knew the following spells:

 Your Spells              Type           Power      Damage    Failure   Level
a - Sting                 Tmut/Pois      76%        1d6       2%          1
b - Poisonous Vapours     Pois/Air       26%        N/A       7%          2
c - Mephitic Cloud        Conj/Pois/Air  11%        N/A       19%         3

Your spell library contained the following spells:

 Spells                   Type           Power      Damage    Failure   Level
 Sublimation of Blood     Necr           4%         N/A       19%         2
 Olgreb's Toxic Radiance  Pois           21%        N/A       22%         4
 Petrify                  Tmut/Erth      10%        N/A       54%         4
 Irradiate                Conj/Tmut      5%         3d15      85%         5


Dungeon Overview and Level Annotations

Branches:
Dungeon (4/15)             Temple (1/1) D:4

Altars:
Hepliaklqana
Makhleb
Nemelex Xobeh
Sif Muna
Uskayaw
Vehumet
Yredelemnul
Zin

Shops:
D:2 [


Message History

Aiming: Sting (safe; 2% risk of failure)
Press: ? - help, Shift-Dir - straight line, f/p - orc
Aim: an orc, wielding a +0 mace (heavily wounded, poisoned, 74% to hit)
The sting hits the orc.
The orc looks even sicker.
You kill the orc!
Vehumet accepts your kill.
An orc comes into view. It is wielding a +0 dagger.
The orc shouts!
A dart slug comes into view.
You see here a bubbling ruby potion.
Casting: Sting (safe; 2% risk of failure)
Confirm with . or Enter, or press ? or * to list all spells.
Aiming: Sting (safe; 2% risk of failure)
Press: ? - help, Shift-Dir - straight line, f - orc
Aim: an orc, wielding a +0 dagger (74% to hit)
The sting hits the orc.
The orc is poisoned.
The orc is heavily wounded.
You kill the orc!
Vehumet accepts your kill. The dart slug launches a dart at you.
The slug dart misses you.
An orc priest comes into view. It is wielding a +0 short sword.
Casting: Sting (safe; 2% risk of failure)
Confirm with . or Enter, or press ? or * to list all spells.
You can't see any susceptible monsters within range! (Use Z to cast anyway.) Unknown command.
Casting: Sting (safe; 2% risk of failure)
Confirm with . or Enter, or press ? or * to list all spells.
Aiming: Poisonous Vapours (safe; 7% risk of failure)
Press: ? - help, Dir - move target, f - dart slug
Aim: a dart slug Poisonous vapours surround the dart slug!
The dart slug is poisoned.
The dart slug launches a dart at you. The slug dart hits you.
The orc priest invokes the aid of Beogh against you.
Beogh smites you!
The orc priest invokes the aid of Beogh against you.
Beogh smites you!
You die... ##########o# #....@.)w).# #.########.#

You could see an orc priest and a dart slug (poisoned).

Vanquished Creatures
  An iguana (D:4)
  4 adders (D:2)
  An adder skeleton (D:4)
  3 worms
  2 dart slugs
  8 orcs
  9 endoplasms
  2 giant cockroaches
  6 hobgoblins
  7 jackals (D:2)
  A quokka (D:2)
  9 ball pythons
  6 bats
  6 frilled lizards
  6 goblins
  4 kobolds
75 creatures vanquished.

Notes
Turn   | Place    | Note
-------+----------+-------------------------------------------
     0 | D:1      | styxcanada the Deep Elf Venom Mage began the quest for the
                  | Orb.
     0 | D:1      | Reached XP level 1. HP: 10/10 MP: 6/6
   228 | D:1      | Reached XP level 2. HP: 10/15 MP: 4/8
  1316 | D:1      | Reached XP level 3. HP: 19/19 MP: 7/9
  1521 | D:2      | Found a faded altar of an unknown god.
  1580 | D:2      | Found Dymiptau's Armour Emporium.
  1754 | D:2      | Learned a level 2 spell: Poisonous Vapours
  1767 | D:2      | Reached XP level 4. HP: 24/24 MP: 0/11
  2065 | D:2      | Learned a level 3 spell: Mephitic Cloud
  2314 | D:3      | Identified a scroll of acquirement
  2314 | D:3      | Acquired the ring of Utust {rF+ rN+ rCorr AC+4 Str+2}
  2737 | D:3      | Found a sparkling altar of Nemelex Xobeh.
  2968 | D:3      | Found a glowing silver altar of Zin.
  2968 | D:3      | Found a hide-covered altar of Uskayaw.
  3140 | D:4      | Found a staircase to the Ecumenical Temple.
  3180 | D:4      | Reached XP level 5. HP: 28/28 MP: 6/13
  3198 | Temple   | Entered the Ecumenical Temple
  3260 | Temple   | Became a worshipper of Vehumet
  3298 | D:4      | Killed from afar by an orc priest

Illustrated notes

Levels and vault maps discovered:
D:1:      matt_arrival_diagonals, layout_rooms, serial_bayou_crossing
D:2:      cheibrodos_helix_gallery, layout_basic,
          chequers_ecumenical_altar_grove, serial_shops, shop,
          due_unseen_surprise
D:3:      layout_rooms, amcnicky_altar_gilded, gammafunk_temple_overflow_wave
D:4:      layout_loops_ring, trog_three_pillars_becter,
          minmay_temple_entry_tees, nicolae_ossuary_entry_catacombs,
          st_stairs_11, uniq_ijyb, uniq_natasha
Temple:   bh_familiar_temple

Skill      XL: |  1  2  3  4 |
---------------+-------------+-----
Transmutations | 2 3 |  3.1
Poison Magic   | 4 |  4.3
Spellcasting   | 4 |  4.3
Dodging        | 3 |  3.0
Fighting       | |  0.3
Short Blades   | |  0.1
Stealth        | |  2.8
Conjurations   | |  0.5
Air Magic      | |  0.4

Action                   |  1- 3 |  4- 6 || total
-------------------------+-------+-------++-------
Melee: Dagger            |    15 |    28 ||    43
 Cast: Sting             |    75 |    50 ||   125
       Poisonous Vapours |     3 |     5 ||     8
       Mephitic Cloud    |       |     1 ||     1
  Use: Scroll            |     2 |     4 ||     6
 Stab: Sleeping          |       |     4 ||     4
Armor: Robe              |    14 |    15 ||    29
Dodge: Dodged            |    68 |    45 ||   113
